Map: Korhal Carnage Knockout LE

Players

capac - Winner!

  • Race: Terran Terran
  • League: Gold

A.I. 1 (Elite)

  • Race: Zerg Zerg

VOD

Have the link to the VOD?

Description

Time

  • Played on: April 17, 2016, 8:15 a.m.
  • Length: 12:19
Show
View Real Time Build Order
Export as new Build Order

capac Terran - Winner!

Build Orders: Reaper Expand, MMM Bio 

Get SALT Encoding   

  12  0:01  SCV  
  13  0:13  SCV  
  14  0:17  Supply Depot  
  14  0:25  SCV  
  15  0:39  SCV  
  15  0:40  Barracks  
  16  0:45  Refinery  
  16  0:51  SCV  
  17  1:03  SCV  
  18  1:15  SCV  
  19  1:28  Reaper  
  19  1:29  Orbital Command  
  20  1:42  Command Center  
  20  1:51  Supply Depot  
  20  1:56  SCV  
  20  2:00  Marine  
  23  2:08  SCV  
  23  2:17  Factory  
  23  2:20  SCV  
  24  2:25  Barracks  
  25  2:37  Barracks Tech Lab  
  25  2:39  SCV  
  25  2:42  Refinery  
  25  2:54  Orbital Command  
  25  2:55  Bunker  
  25  2:57  Marine  
  25  2:58  Stimpack  
  26  3:04  Factory Tech Lab  
  26  3:06  Barracks  
  26  3:10  SCV  
  27  3:16  Barracks Tech Lab  
  27  3:19  Barracks Reactor  
  27  3:22  Marine, SCV  
  29  3:39  Marine  
  29  3:40  Siege Tank  
  33  3:46  SCV x2  
  35  3:57  Marine  
  35  3:58  Starport  
  35  3:59  Marine x2  
  35  4:00  Marine  
  39  4:10  SCV x2  
  39  4:15  Marine  
  42  4:17  Marine  
  42  4:20  Marine, Barracks Reactor  
  42  4:21  Barracks  
  44  4:29  Refinery  
  44  4:33  Marine  
  44  4:35  Marine  
  46  4:48  Supply Depot  
  46  4:49  Supply Depot  
  46  4:52  Starport Reactor, Marine x2, SCV x2  
  50  4:54  Widow Mine  
  52  5:03  Engineering Bay  
  52  5:05  Command Center  
  52  5:06  Marine x2  
  54  5:09  Marine  
  55  5:20  Marine, SCV x2  
  58  5:23  Barracks Reactor  
  58  5:26  Siege Tank  
  61  5:30  Terran Infantry Weapons Level 1  
  61  5:34  Combat Shields  
  61  5:38  SCV  
  61  5:39  SCV  
  63  5:42  Marine  
  63  5:43  Marine  
  65  5:55  Marine x2  
  65  5:56  Marine  
  68  5:59  Medivac  
  70  6:06  Supply Depot  
  70  6:09  Supply Depot  
  70  6:16  Siege Tank, Medivac  
  70  6:18  Marine x4  
  75  6:19  Marine  
  75  6:20  Marine  
  75  6:22  Marine  
  82  6:36  Marine x5  
  82  6:37  Marine  
  82  6:38  Supply Depot  
  88  6:41  Supply Depot  
  88  6:54  Medivac x2  
  88  6:58  Marine x3  
  88  6:59  Marine  
  96  7:06  Supply Depot  
  96  7:07  SCV  
  97  7:15  Orbital Command  
  97  7:22  SCV x2  
  99  7:34  Supply Depot, SCV x2  
  99  7:36  Marine x2  
  99  7:37  Marine x4  
  102  7:39  Marine  
  102  7:42  Medivac  
  102  7:44  SCV  
  111  7:50  Refinery  
  102  8:30  Marine x5  
  102  8:31  Marine x2  
  102  8:33  Liberator  
  102  8:34  Liberator  
  109  8:47  Marine  
  109  8:48  Marine x3  
  111  8:49  Siege Tank  
  111  8:55  Supply Depot  
  122  8:59  SCV  
  122  9:00  SCV x2  
  125  9:12  SCV  
  109  10:21  Marine x6  
  105  10:58  Marine  
  105  10:59  Marine x4  
  112  11:16  Marine x2  
  112  11:17  Marine x3  
  117  11:20  Marine  
  117  11:21  Marine  
  117  11:34  Marine x3  
  117  11:35  Marine x2  
  117  11:38  Marine x2  
  124  11:52  Marine x4  
  124  11:53  Marine  
  129  11:56  Marine x2  
Show
View Real Time Build Order
Export as new Build Order

A.I. 1 (Elite) Zerg 

Build Orders: Pool First 

Get SALT Encoding   

  12  0:00  Drone  
  13  0:12  Overlord  
  13  0:17  Drone  
  14  0:30  Drone x2  
  16  0:43  Spawning Pool  
  16  0:44  Drone  
  16  0:47  Drone  
  17  1:11  Hatchery  
  17  1:12  Drone  
  17  1:15  Extractor  
  17  1:16  Drone  
  17  1:20  Drone  
  18  1:27  Drone  
  19  1:38  Overlord  
  19  1:47  Queen  
  19  1:49  Drone  
  22  1:59  Zergling x2  
  23  2:10  Drone  
  24  2:16  Extractor  
  24  2:21  Drone  
  24  2:23  Queen, Drone  
  27  2:32  Drone  
  27  2:33  Drone  
  29  2:42  Roach Warren  
  29  2:44  Drone  
  29  2:47  Zergling x2  
  29  2:53  Zergling x2  
  29  2:54  Drone  
  29  2:57  Zergling x2  
  32  3:04  Overlord  
  32  3:08  Drone  
  32  3:11  Drone  
  34  3:22  Roach  
  34  3:24  Roach  
  34  3:26  Roach  
  40  3:30  Roach  
  42  3:37  Lair  
  42  3:42  Overlord  
  42  3:48  Overlord  
  42  3:52  Zergling x2  
  42  3:54  Zergling x2  
  44  4:01  Zergling x2, Drone  
  44  4:02  Drone  
  47  4:05  Drone  
  47  4:07  Drone  
  49  4:10  Drone  
  49  4:14  Roach  
  52  4:17  Roach  
  52  4:22  Overlord  
  54  4:30  Drone  
  55  4:31  Drone  
  55  4:34  Drone  
  55  4:36  Drone  
  58  4:40  Infestation Pit, Drone  
  58  4:41  Overlord  
  58  4:46  Overlord  
  58  4:50  Roach  
  58  4:52  Roach  
  62  5:05  Hydralisk Den  
  61  5:09  Drone  
  61  5:11  Drone  
  61  5:13  Drone  
  64  5:15  Drone  
  64  5:16  Drone  
  64  5:17  Infestor x2  
  64  5:18  Drone  
  64  5:20  Drone  
  72  5:22  Drone  
  72  5:25  Overlord  
  72  5:27  Drone  
  74  5:29  Drone  
  74  5:31  Drone  
  77  5:35  Hydralisk, Drone  
  77  5:36  Drone  
  77  5:38  Hydralisk  
  77  5:40  Hydralisk  
  84  5:44  Overlord  
  84  5:47  Hydralisk  
  86  5:50  Hydralisk  
  86  5:53  Hydralisk  
  90  5:57  Overseer  
  90  6:00  Extractor  
  90  6:01  Drone  
  90  6:04  Overlord  
  90  6:05  Extractor  
  89  6:14  Metabolic Boost  
  89  6:17  Evolution Chamber  
  88  6:20  Evolution Chamber  
  88  6:21  Drone  
  88  6:22  Drone x3  
  88  6:25  Evolution Chamber, Drone  
  91  6:27  Drone  
  91  6:29  Drone  
  93  6:33  Drone  
  93  6:37  Hatchery  
  93  6:38  Drone  
  94  6:43  Zerg Missile Weapons Level 1  
  94  6:45  Zerg Melee Weapons Level 1  
  94  6:54  Zerg Ground Armor Level 1  
  94  7:00  Ravager  
  95  7:03  Overlord, Roach  
  95  7:04  Spine Crawler  
  95  7:05  Spine Crawler  
  95  7:06  Drone  
  96  7:10  Ravager  
  96  7:12  Roach  
  96  7:15  Roach  
  101  7:19  Hydralisk  
  101  7:22  Overlord  
  103  7:23  Hydralisk  
  105  7:38  Muscular Augments  
  105  7:40  Roach  
  105  7:43  Roach, Spore Crawler  
  108  7:44  Spore Crawler  
  108  7:47  Spine Crawler  
  108  7:49  Queen, Drone x2  
  108  7:50  Drone x4  
  108  7:51  Overlord, Drone x2  
  115  7:52  Drone x3  
  115  7:55  Drone  
  120  8:00  Drone  
  120  8:02  Drone  
  120  8:05  Drone  
  123  8:07  Glial Reconstitution  
  123  8:11  Overlord  
  105  8:21  Zergling x2  
  105  8:22  Hatchery, Extractor  
  105  8:23  Zergling x2  
  105  8:25  Hydralisk  
  81  8:27  Hydralisk  
  81  8:30  Hydralisk  
  81  8:32  Drone  
  81  8:33  Drone  
  87  8:35  Drone  
  87  8:36  Drone  
  87  8:37  Drone  
  87  8:38  Drone  
  91  8:43  Roach, Drone  
  91  8:44  Roach  
  91  8:45  Drone  
  91  8:47  Drone  
  91  8:48  Drone  
  99  8:50  Roach  
  99  8:52  Roach  
  99  8:54  Hydralisk  
  105  8:56  Hydralisk  
  105  8:58  Zergling x4  
  109  9:04  Zergling x2  
  109  9:05  Baneling Nest  
  109  9:06  Ravager, Zergling x2  
  109  9:07  Zergling x2  
  112  9:13  Overseer  
  112  9:14  Hydralisk  
  112  9:15  Zergling x6, Overseer  
  112  9:16  Roach  
  111  9:17  Roach  
  111  9:19  Roach  
  111  9:20  Roach  
  111  9:22  Hydralisk  
  97  9:25  Roach  
  97  9:28  Roach  
  97  9:30  Roach  
  102  9:32  Roach  
  102  9:34  Drone  
  102  9:36  Drone  
  91  9:47  Ravager  
  91  9:49  Zergling x2  
  91  9:51  Zergling x2  
  86  9:54  Hydralisk  
  86  9:57  Roach  
  76  10:00  Roach  
  76  10:03  Hydralisk x2, Roach x2  
  77  10:10  Overlord  
  69  10:30  Overlord, Hydralisk  
  69  10:31  Hydralisk  
  69  10:33  Drone  
  69  10:35  Drone  
  70  10:36  Extractor  
  70  10:38  Drone  
  70  10:39  Extractor  
  57  10:58  Overlord  
  57  11:04  Overlord  
  32  11:49  Drone  
Tags
 
Add a new tag
Caveats
  • Supply blocks, unpowered buildings, or Contaminate may cause inaccurate times.
  • Supply counts are checked every 10 seconds.